Map: Deathaura LE

Players

MarcoMan - Winner!

  • Race: Protoss Protoss
  • League: Master
  • Spawn Location: 5:00

DrBojengles

  • Race: Zerg Zerg
  • League: Master
  • Spawn Location: 11:00

VOD

Have the link to the VOD?

Description

Time

  • Played on: Jan. 15, 2021, 7:34 p.m.
  • Length: 14:34
Show
View Real Time Build Order
Export as new Build Order

MarcoMan Protoss - Winner!

Build Orders: 1 Gate Expand, Oracle Opening, Carriers 

Get SALT Encoding   

  12  0:01  Probe  
  13  0:13  Probe  
  14  0:18  Pylon  
  14  0:25  Probe  
  15  0:37  Probe (Chrono Boost)  
  15  0:40  Gateway  
  16  0:49  Probe (Chrono Boost)  
  17  0:50  Assimilator  
  17  0:57  Probe (Chrono Boost)  
  18  1:05  Probe  
  19  1:17  Probe  
  20  1:27  Nexus  
  20  1:36  Cybernetics Core  
  20  1:39  Probe  
  21  1:46  Assimilator  
  21  1:51  Probe  
  21  1:54  Pylon  
  22  2:03  Probe  
  23  2:09  Adept (Chrono Boost)  
  23  2:14  Warp Gate  
  25  2:15  Probe  
  26  2:28  Probe  
  27  2:39  Stargate  
  27  2:40  Adept (Chrono Boost), Probe  
  30  2:47  Probe  
  31  2:52  Probe  
  32  2:59  Probe  
  32  3:04  Probe  
  34  3:11  Adept  
  34  3:12  Probe  
  37  3:16  Gateway, Probe  
  37  3:19  Oracle (Chrono Boost)  
  38  3:24  Probe  
  42  3:28  Probe  
  42  3:33  Pylon  
  43  3:36  Probe  
  44  3:43  Probe, Void Ray (Chrono Boost)  
  44  3:48  Probe  
  46  3:49  Pylon  
  50  3:55  Probe  
  50  4:00  Probe  
  52  4:08  Probe, Nexus  
  53  4:12  Probe  
  53  4:17  Shield Battery  
  53  4:20  Probe  
  54  4:24  Probe  
  54  4:28  Assimilator  
  54  4:30  Assimilator  
  55  4:32  Probe  
  55  4:33  Void Ray  
  55  4:34  Pylon  
  55  4:36  Probe  
  57  4:44  Probe  
  61  4:48  Probe (Chrono Boost)  
  59  4:54  Adept  
  59  4:56  Probe (Chrono Boost)  
  59  4:57  Protoss Air Weapons Level 1  
  63  5:00  Probe (Chrono Boost)  
  63  5:04  Stargate  
  63  5:05  Probe (Chrono Boost)  
  64  5:07  Probe (Chrono Boost)  
  64  5:10  Probe (Chrono Boost)  
  64  5:12  Twilight Council  
  66  5:14  Forge  
  66  5:15  Probe  
  66  5:20  Probe  
  68  5:22  Probe  
  68  5:27  Probe  
  70  5:32  Probe  
  70  5:34  Probe  
  70  5:35  Shield Battery  
  72  5:37  Forge  
  72  5:39  Probe  
  72  5:41  Assimilator, Void Ray  
  73  5:45  Probe  
  73  5:46  Assimilator  
  73  5:47  Probe  
  79  5:51  Photon Cannon, Probe  
  79  5:52  Void Ray  
  79  5:54  Pylon  
  79  5:57  Probe  
  85  6:12  Probe x3  
  85  6:16  Templar Archives  
  88  6:18  Void Ray  
  88  6:19  Pylon  
  88  6:23  Pylon  
  92  6:26  Probe  
  92  6:30  Gateway  
  92  6:31  Void Ray  
  92  6:32  Gateway, Photon Cannon  
  93  6:37  Probe  
  98  6:43  Psionic Storm  
  98  6:51  Photon Cannon  
  98  6:52  Pylon  
  98  6:55  Void Ray  
  98  6:58  Photon Cannon  
  98  6:59  Pylon  
  98  7:07  Probe x2  
  104  7:13  Photon Cannon  
  104  7:18  High Templar x2  
  104  7:32  High Templar  
  104  7:34  Pylon  
  104  7:35  Pylon  
  106  7:40  Shield Battery, Photon Cannon  
  106  7:47  Fleet Beacon  
  106  7:53  Photon Cannon  
  106  7:54  Photon Cannon  
  106  7:55  Shield Battery  
  106  7:56  Void Ray (Chrono Boost)  
  106  7:58  High Templar  
  108  8:05  Probe  
  113  8:13  Pylon  
  113  8:20  Stargate  
  113  8:21  Shield Battery  
  113  8:26  High Templar  
  115  8:35  Carrier (Chrono Boost)  
  115  8:36  Nexus  
  115  8:37  Pylon  
  121  8:45  Carrier (Chrono Boost)  
  127  8:52  Nexus  
  127  8:56  Photon Cannon  
  127  8:57  Photon Cannon  
  127  8:59  Shield Battery  
  127  9:00  Shield Battery  
  127  9:02  Gateway  
  127  9:04  Gateway, Carrier (Chrono Boost)  
  127  9:08  Pylon  
  127  9:09  Pylon  
  133  9:11  Gateway  
  133  9:13  Photon Cannon  
  133  9:19  Assimilator  
  133  9:23  Assimilator  
  139  9:34  Carrier (Chrono Boost)  
  139  9:35  Protoss Shields Level 1  
  139  9:36  Protoss Air Weapons Level 2 (Chrono Boost)  
  139  9:44  Robotics Facility  
  138  9:58  Gateway  
  138  10:00  Gateway  
  138  10:02  Photon Cannon  
  138  10:08  High Templar  
  138  10:09  Zealot x2  
  138  10:10  Zealot x2  
  154  10:22  Carrier (Chrono Boost), Photon Cannon  
  154  10:23  Shield Battery  
  154  10:25  Pylon  
  154  10:26  Shield Battery  
  160  10:36  Carrier (Chrono Boost)  
  160  10:47  Charge  
  160  10:49  Observer (Chrono Boost)  
  161  10:56  Carrier (Chrono Boost)  
  167  10:59  Pylon  
  167  11:02  Observer (Chrono Boost)  
  168  11:24  Gateway  
  168  11:25  Photon Cannon  
  163  11:33  Gateway  
  163  11:37  Photon Cannon  
  163  11:38  Gateway  
  163  11:39  Assimilator  
  163  11:47  Carrier x2 (Chrono Boost)  
  163  11:50  Carrier (Chrono Boost)  
  181  11:56  Protoss Air Weapons Level 3 (Chrono Boost)  
  181  12:07  High Templar  
  181  12:08  High Templar x2  
  187  12:12  Archon  
  187  12:20  Pylon  
  158  12:52  Carrier x3  
  167  13:08  Probe x4  
  171  13:20  Probe x4  
  171  13:22  Gateway  
  171  13:23  Gateway  
  171  13:26  Pylon  
  175  13:28  Pylon  
  175  13:30  Pylon  
  175  13:32  Pylon, Probe x4  
  175  13:33  Zealot x2  
  183  13:35  Zealot  
  185  13:44  Probe  
  171  14:17  Zealot x3  
  171  14:20  Zealot  
Show
View Real Time Build Order
Export as new Build Order

DrBojengles Zerg 

Build Orders: Hatch First, Lurkers 

Get SALT Encoding   

  12  0:00  Drone  
  13  0:12  Overlord  
  13  0:16  Drone  
  14  0:31  Drone x2  
  14  0:34  Drone  
  17  0:51  Hatchery  
  17  0:54  Drone  
  17  0:57  Drone  
  18  1:10  Extractor  
  17  1:12  Spawning Pool  
  17  1:14  Drone  
  17  1:18  Drone  
  18  1:27  Drone  
  19  1:38  Overlord  
  19  1:50  Drone  
  20  1:58  Queen  
  20  2:00  Drone  
  23  2:02  Queen  
  23  2:03  Drone  
  26  2:12  Drone  
  26  2:13  Metabolic Boost  
  27  2:16  Drone  
  27  2:21  Drone  
  29  2:29  Zergling x2  
  30  2:37  Drone  
  30  2:38  Drone  
  30  2:40  Hatchery  
  30  2:43  Overlord  
  31  2:47  Zergling x2  
  32  2:54  Zergling x2  
  32  2:55  Queen  
  32  2:57  Drone  
  36  3:12  Drone x5  
  41  3:14  Lair  
  41  3:20  Spore Crawler, Drone  
  41  3:22  Drone  
  41  3:26  Spore Crawler  
  41  3:27  Drone  
  41  3:31  Overlord  
  42  3:44  Zergling x4  
  44  3:49  Roach Warren  
  44  3:51  Drone x2, Evolution Chamber  
  44  3:52  Extractor  
  44  3:53  Extractor  
  44  3:54  Queen  
  44  3:59  Drone x2  
  45  4:04  Drone x2  
  45  4:06  Drone  
  45  4:07  Drone  
  49  4:11  Drone x2  
  49  4:15  Drone  
  49  4:16  Drone  
  53  4:18  Zerg Missile Weapons Level 1  
  53  4:21  Drone  
  53  4:22  Drone  
  55  4:28  Drone x3  
  55  4:30  Glial Reconstitution  
  58  4:33  Overlord  
  56  4:53  Roach  
  56  4:54  Roach x4  
  56  4:59  Overlord x3  
  65  5:04  Hydralisk Den, Overseer  
  64  5:09  Drone  
  64  5:10  Extractor  
  64  5:20  Drone  
  64  5:21  Drone x2  
  67  5:22  Drone x3  
  67  5:24  Spore Crawler, Drone x2  
  67  5:25  Drone  
  67  5:27  Drone  
  67  5:28  Hatchery  
  72  5:33  Grooved Spines  
  72  5:35  Drone  
  72  5:36  Drone x2  
  75  5:46  Overlord x2  
  75  5:47  Drone x2  
  75  5:48  Drone x3  
  80  5:52  Extractor  
  80  5:53  Extractor  
  80  5:56  Drone x3  
  81  5:57  Drone  
  81  5:58  Drone  
  81  6:00  Overlord  
  82  6:14  Hydralisk x7  
  96  6:26  Queen  
  99  6:44  Hydralisk x3  
  99  6:45  Hydralisk x4, Hatchery  
  112  6:48  Overlord  
  112  6:49  Overlord  
  112  6:50  Hatchery  
  112  6:53  Overseer  
  111  6:59  Zerg Missile Weapons Level 2, Overlord x2  
  111  7:03  Evolution Chamber  
  110  7:09  Hydralisk x3  
  110  7:10  Hydralisk x2  
  110  7:12  Overlord x2  
  110  7:14  Drone  
  121  7:17  Drone  
  121  7:18  Drone  
  123  7:23  Muscular Augments  
  123  7:31  Overlord x2  
  123  7:41  Zergling x8  
  123  7:42  Zergling x14  
  123  7:43  Zergling x2  
  135  7:48  Baneling Nest  
  135  7:50  Zerg Ground Armor Level 1  
  134  7:53  Drone x3  
  137  8:03  Hydralisk x4  
  137  8:04  Hydralisk  
  147  8:06  Drone x2  
  147  8:07  Drone x4  
  147  8:11  Drone x2  
  155  8:15  Infestation Pit  
  155  8:18  Extractor, Drone x3  
  158  8:20  Queen, Drone x4  
  162  8:29  Extractor  
  162  8:30  Overlord x2  
  162  8:31  Drone x3  
  164  8:34  Drone x3  
  164  8:40  Overlord x3  
  167  8:41  Centrifical Hooks  
  165  9:02  Extractor  
  165  9:03  Extractor  
  165  9:05  Spore Crawler  
  165  9:06  Spore Crawler, Drone x4  
  165  9:07  Hydralisk x5, Drone x2  
  165  9:08  Hydralisk x4  
  185  9:11  Hive  
  185  9:14  Lurker Den  
  184  9:17  Baneling x4  
  184  9:18  Baneling x8  
  184  9:19  Baneling x2  
  184  9:20  Baneling x2  
  184  9:26  Drone x3  
  184  9:27  Hydralisk x2  
  181  9:58  Spire  
  176  10:18  Zerg Ground Armor Level 2  
  176  10:20  Zergling x2  
  176  10:21  Zergling x18  
  186  10:31  Viper x4  
  186  10:34  Seismic Spines  
  198  10:42  Zerg Missile Weapons Level 3  
  198  10:45  Evolution Chamber  
  198  10:47  Baneling x2  
  198  10:48  Baneling x2  
  198  10:49  Baneling x4  
  197  10:50  Baneling x7  
  197  10:51  Baneling x2  
  197  10:52  Baneling x2  
  197  10:56  Pneumatized Carapace  
  187  11:40  Zerg Flyer Weapons Level 1, Spire  
  187  11:42  Adaptive Talons  
  187  11:44  Lurker x8  
  187  11:45  Lurker x5  
  199  12:01  Evolution Chamber  
  199  12:04  Evolution Chamber  
  199  12:05  Evolution Chamber  
  199  12:06  Evolution Chamber  
  195  12:09  Hatchery  
  195  12:14  Overseer x5  
  194  12:19  Hatchery x2  
  192  12:30  Hatchery  
  148  12:51  Corruptor  
  148  12:52  Corruptor x16  
  148  12:57  Zergling x20  
  148  12:58  Zergling x60  
  184  13:11  Corruptor x4  
  184  13:12  Corruptor  
  180  13:15  Zergling x2  
  180  13:16  Zergling x28  
  180  13:17  Zergling x8  
  199  13:26  Baneling x8  
  199  13:27  Baneling x7  
  199  13:37  Baneling x8  
  199  13:38  Baneling x2  
  199  13:41  Overlord  
  159  14:04  Corruptor x4  
  159  14:05  Corruptor x3  
  159  14:09  Zergling x16  
  161  14:10  Zergling x44  
Tags
 
Add a new tag
Caveats
  • Supply blocks, unpowered buildings, or Contaminate may cause inaccurate times.
  • Supply counts are checked every 10 seconds.